 Dungeon Crawl Stone Soup version 0.23.2-1-ga50397a6bc (webtiles) character file.

Game seed: 17971007499785238558

98 Kobolds4U the Slasher (level 4, -3/52 HPs)
             Began as a Demonspawn Berserker on Apr 26, 2019.
             Was a Believer of Trog.
             Slain by an orc warrior
             ... wielding a +0 scimitar
              (6 damage)
             ... on level 3 of the Dungeon.
             The game lasted 00:04:12 (2467 turns).

Kobolds4U the Slasher (Demonspawn Berserker)        Turns: 2467, Time: 00:04:13

Health: -3/52      AC: 10    Str: 23    XL:     4   Next: 43%
Magic:  4/4        EV:  7    Int:  8    God:    Trog [**....]
Gold:   164        SH:  0    Dex: 15    Spells: 3/3 levels left

rFire    . . .     SeeInvis .   a - +0 falchion
rCold    . . .     Gourm    .   (no shield)
rNeg     . . .     Faith    .   e - +0 plate armour
rPois    .         Spirit   .   (no helmet)
rElec    .         Reflect  .   (no cloak)
rCorr    .         Harm     .   (no gloves)
MR       ++...                  (no boots)
Stlth    ..........             (no amulet)
HPRegen  1.17/turn              (no ring)
MPRegen  0.09/turn              (no ring)

@: berserking, regenerating, very quick
A: thin skeletal structure 1
a: Berserk, Trog's Hand, Renounce Religion


You were on level 3 of the Dungeon.
You worshipped Trog.
Trog was pleased with you.
You were near starving.

You visited 1 branch of the dungeon, and saw 3 of its levels.

You collected 164 gold pieces.

Inventory:

Hand Weapons
 a - a +0 falchion (weapon)
Missiles
 l - 7 javelins of penetration (quivered)
Armour
 b - a +0 animal skin
 e - a +0 plate armour (worn)
Jewellery
 d - a cursed amulet of inaccuracy {unknown}
 m - a cursed ring of attention {unknown}
Wands
 k - a wand of random effects (19)
Scrolls
 g - a scroll of magic mapping {unknown}
 i - a scroll of enchant weapon {unknown}
 j - 4 scrolls of remove curse {unknown}
 o - a scroll of fear {unknown}
 q - a scroll of identify {unknown}
Potions
 f - a potion of curing {unknown}
 h - a potion of haste {unknown}
 n - a potion of heal wounds {unknown}
Comestibles
 c - 6 rations
 p - 5 chunks of flesh


   Skills:
 - Level 3.0 Fighting
 * Level 4.8 Long Blades
 - Level 1.7 Armour
 - Level 1.7 Dodging


You had 3 spell levels left.
You didn't know any spells.
Your spell library was empty.

Dungeon Overview and Level Annotations

Branches:
Dungeon (3/15)

Altars:
Cheibriados


Innate Abilities, Weirdness & Mutations

You have a somewhat thin skeletal structure. (Dex +2, Stealth)


Message History

The orc wizard gestures at you while chanting.
The puff of frost hits you but does no damage.
You closely miss the orc wizard.
The orc wizard is heavily wounded.
The orc hits you but does no damage.
The orc warrior hits you with a +0 scimitar!
* * * LOW HITPOINT WARNING * * *
The orc wizard hits you but does no damage.
A red film seems to cover your vision as you go berserk!
You feel yourself moving faster!
You feel mighty!
You are near starving!
The orc hits you with a +0 club.
* * * LOW HITPOINT WARNING * * *
The orc wizard points at you and mumbles some strange words.
The puff of flame hits you.
* * * LOW HITPOINT WARNING * * *
You hit the orc warrior but do no damage.
The orc wizard hits you but does no damage.
The orc warrior hits you with a +0 scimitar.
You die...

...# #..# #..# ###
#####..# (.#### #...#..#
#....## #.#.#o.######
..#...####.#^#.#oo.?....
..#........#.#.#@o#
..#.######.#.#.#o###.#
....# #.#.........#
.##.## ##.###.#.###.#
.##..# #..##...<....#
.##.## #(###.#.###..
###.# #...........# #.#
#......###### #.##
##..........


You could see an orc warrior, an orc wizard and 3 orcs.

Vanquished Creatures
  An adder (D:2)
  3 oozes
  2 worms (D:2)
  A leopard gecko (D:3)
  An orc (D:3)
  9 bats
  3 giant cockroaches
  7 goblins
  5 hobgoblins
  12 jackals
  A quokka (D:2)
  7 frilled lizards
  7 kobolds
  6 rats
65 creatures vanquished.

Notes
Turn   | Place    | Note
-------+----------+-------------------------------------------
     0 | D:1      | Kobolds4U the Demonspawn Berserker began the quest for the
                  | Orb.
     0 | D:1      | Reached XP level 1. HP: 18/18 MP: 1/1
    31 | D:1      | Reached skill level 3 in Long Blades
    73 | D:1      | Gained mutation: You have a somewhat thin skeletal
                  | structure. (Dex +2, Stealth) [demonic ancestry]
    73 | D:1      | Reached XP level 2. HP: 8/24 MP: 2/2
   699 | D:1      | Reached XP level 3. HP: 27/29 MP: 3/3
   821 | D:1      | Reached ** piety under Trog
   893 | D:1      | Reached skill level 4 in Long Blades
  1655 | D:2      | Reached XP level 4. HP: 35/35 MP: 4/4
  2132 | D:3      | Found a snail-covered altar of Cheibriados.
  2455 | D:3      | Noticed an orc warrior
  2467 | D:3      | Slain by an orc warrior

Skill      XL: |  1  2  3 |
---------------+----------+-----
Long Blades    | 3 4 |  4.8
Fighting       | |  3.0
Armour         | |  1.7
Dodging        | |  1.7

Action                   |  1- 3 |  4- 6 || total
-------------------------+-------+-------++-------
Melee: Falchion          |   189 |    78 ||   267
Invok: Berserk           |       |     1 ||     1
       Trog's Hand       |       |     1 ||     1
  Eat: Chunk             |     3 |     2 ||     5
Armor: Animal skin       |    12 |       ||    12
       Plate armour      |   172 |    70 ||   242
Dodge: Dodged            |    90 |    37 ||   127
       Rpst.: Falchion   |    23 |    16 ||    39
